 Dungeon Crawl Stone Soup version 0.22.1 (webtiles) character file.

123 troglodite the Skirmisher (level 4, -3/55 HPs)
             Began as a Demonspawn Berserker on Sept 18, 2018.
             Was a Believer of Trog.
             Killed by divine providence
             ... invoked by an orc priest
              (14 damage)
             ... on level 3 of the Dungeon.
             The game lasted 00:05:01 (2146 turns).

troglodite the Skirmisher (Demonspawn Berserker)    Turns: 2146, Time: 00:05:03

Health: -3/55      AC:  7    Str: 23    XL:     4   Next: 80%
Magic:  4/4        EV: 13    Int:  8    God:    Trog [**....]
Gold:   131        SH:  0    Dex: 13    Spells: 3/3 levels left

rFire    . . .     SeeInvis .   a - +0 falchion
rCold    . . .     Gourm    .   (no shield)
rNeg     . . .     Faith    .   b - +0 animal skin
rPois    .         Spirit   .   g - +0 helmet
rElec    .         Reflect  .   (no cloak)
rCorr    .         Harm     .   f - +0 pair of gloves
MR       .....                  h - +0 pair of boots (curse)
Stlth    ..........             (no amulet)
HPRegen  0.18/turn              (no ring)
MPRegen  0.09/turn              (no ring)

@: berserking (expiring), very quick
A: hooves 1, slimy green scales 1
a: Berserk, Trog's Hand, Renounce Religion


You were on level 3 of the Dungeon.
You worshipped Trog.
Trog was pleased with you.
You were very hungry.

You visited 1 branch of the dungeon, and saw 3 of its levels.

You collected 131 gold pieces.

Inventory:

Hand Weapons
 a - a +0 falchion (weapon)
Armour
 b - a +0 animal skin (worn)
 f - a +0 pair of gloves (worn)
 g - a +0 helmet (worn)
 h - a cursed +0 pair of boots (worn)
Scrolls
 i - a scroll of blinking {unknown}
 j - a scroll of remove curse {unknown}
 m - 2 scrolls of identify {unknown}
 o - a scroll of magic mapping {unknown}
Potions
 d - a potion of brilliance {unknown}
 e - a potion of curing {unknown}
 l - 2 potions of flight {unknown}
 n - a potion of might {unknown}
Comestibles
 c - 4 rations
 k - a chunk of flesh


   Skills:
 * Level 4.0 Fighting
 + Level 3.4 Long Blades
 * Level 2.2 Armour
 * Level 2.9 Dodging
 + Level 0.1 Stealth


You had 3 spell levels left.
You didn't know any spells.
Your spell library was empty.

Dungeon Overview and Level Annotations

Branches:
Dungeon (3/15)

Altars:
Dithmenos
Zin


Innate Abilities, Weirdness & Mutations

You have large cloven feet.
You are partially covered in slimy green scales. (AC +2)


Message History

You barely miss the goblin.
The orc priest hits the plant but does no damage.
You hit the goblin.
You kill the goblin!
Trog accepts your kill.
The gnoll hits you from afar with a spear.
* * * LOW HITPOINT WARNING * * *
The orc priest hits the plant but does no damage.
The gnoll barely misses you.
You see here a worm corpse.
You slash the gnoll!
The gnoll is heavily wounded.
The orc priest hits the plant but does no damage.
You hit the gnoll.
The gnoll is almost dead.
The gnoll hits you with a spear.
* * * LOW HITPOINT WARNING * * *
The orc priest calls down the wrath of Beogh upon you.
Beogh smites you!
You die...

#...P.P♣♣..P..P.....#.##
####÷.♣♣♣.♣.PP♣♣....#...
#...♣♣.P..P.♣♣....#...
#♣♣♣.♣P..♣♣♣♣PP...#...
♣♣.....♣♣P.......#...
#♣♣.PP.♣♣....P♣♣♣...>..
#§PP..♣P....P. ♣.##...
#P.♣♣P...♣..♣♣ #.##...
#♣♣ ♣)@....♣ .##...
♣P§g#....P♣ .####.
#.oP......♣P♣ #
#.♣§#...#♣... #.♣......
.♣ . PP.$_!.♣ ♣ .
.P....... .P♣P#...#..


You could see an orc priest and a gnoll.

Vanquished Creatures
  A gnoll (D:3)
  5 adders
  A worm (D:3)
  2 dart slugs
  A leopard gecko (D:1)
  2 ball pythons (D:2)
  4 bats
  5 giant cockroaches
  11 goblins
  5 hobgoblins
  7 jackals (D:1)
  2 quokkas (D:3)
  A frilled lizard (D:2)
  4 kobolds
  6 rats
  A plant (D:3)
58 creatures vanquished.

Vanquished Creatures (others)
  A plant (D:3)
1 creature vanquished.

Grand Total: 59 creatures vanquished

Notes
Turn   | Place    | Note
-------+----------+-------------------------------------------
     0 | D:1      | troglodite the Demonspawn Berserker began the quest for the
                  | Orb.
     0 | D:1      | Reached XP level 1. HP: 18/18 MP: 1/1
   284 | D:1      | Gained mutation: You are partially covered in slimy green
                  | scales. (AC +2) [demonic ancestry]
   284 | D:1      | Reached XP level 2. HP: 9/24 MP: 2/2
   910 | D:1      | Reached ** piety under Trog
   910 | D:1      | Gained mutation: You have large cloven feet. [demonic
                  | ancestry]
   910 | D:1      | Reached XP level 3. HP: 29/29 MP: 3/3
  1166 | D:2      | Found a shadowy altar of Dithmenos.
  1449 | D:2      | Reached XP level 4. HP: 33/37 MP: 4/4
  2127 | D:3      | Found a glowing silver altar of Zin.
  2135 | D:3      | Reached skill level 4 in Fighting
  2146 | D:3      | Killed from afar by an orc priest

Skill      XL: |  1  2  3  4 |
---------------+-------------+-----
Armour         | 2 |  2.2
Dodging        | 2 |  2.9
Long Blades    | 3 |  3.4
Fighting       | 4 |  4.0
Stealth        | |  0.1

Action                   |  1- 3 |  4- 6 || total
-------------------------+-------+-------++-------
Melee: Falchion          |    96 |   169 ||   265
Invok: Berserk           |     2 |     1 ||     3
  Eat: Chunk             |     4 |     2 ||     6
Armor: Animal skin       |    41 |    24 ||    65
Dodge: Dodged            |    97 |    71 ||   168
       Rpst.: Falchion   |    36 |    17 ||    53
